 Dungeon Crawl Stone Soup version 0.23.2-1-ga50397a (webtiles) character file.

Game seed: 15629134323724508850

8502 schauveau the Cleaver (level 11, -6/102 HPs)
             Began as a Minotaur Monk on May 4, 2019.
             Was a High Priest of Okawaru.
             Mangled by a vampire (7 damage)
             ... on level 9 of the Dungeon.
             The game lasted 00:13:36 (9200 turns).

schauveau the Cleaver (Minotaur Monk)               Turns: 9200, Time: 00:13:36

Health: -6/102     AC: 16    Str: 19    XL:     11   Next: 10%
Magic:  0/10       EV: 10    Int:  7    God:    Okawaru [*****.]
Gold:   548        SH:  0    Dex: 18    Spells: 10/10 levels left

rFire    + . .     SeeInvis .   a - +0 battleaxe
rCold    . . .     Gourm    .   (shield currently unavailable)
rNeg     . . .     Faith    .   V - +2 chain mail {rPois}
rPois    +         Spirit   +   (helmet restricted)
rElec    .         Reflect  .   d - +0 cloak
rCorr    .         Harm     .   G - +0 pair of gloves
MR       .....                  (no boots)
Stlth    ..........             z - amulet of guardian spirit
HPRegen  0.27/turn              y - +5 ring of dexterity
MPRegen  0.12/turn              K - ring of protection from fire

@: flying, studying Staves
A: retaliatory headbutt, horns 2
a: Heroism, Finesse, Renounce Religion


You were on level 9 of the Dungeon.
You worshipped Okawaru.
Okawaru was extremely pleased with you.
You were not hungry.

You visited 2 branches of the dungeon, and saw 11 of its levels.
You also visited: Bailey.

You collected 596 gold pieces.
You spent 48 gold pieces at shops.

Inventory:

Hand Weapons
 a - a +0 battleaxe (weapon)
 i - a +0 broad axe
 o - a +0 blowgun
 O - a +0 shortbow
 R - a +1 scimitar of flaming
Missiles
 p - 37 poisoned needles
 F - 3 tomahawks (quivered)
 P - 97 arrows
Armour
 d - a +0 cloak (worn)
 G - a +0 pair of gloves (worn)
 T - the cursed +0 scale mail "Ciulyhe" {Str+4 Int+6, unknown}
   (You found it on level 10 of the Dungeon)

   It affects your strength (+4).
   It affects your intelligence (+6).
   It has a curse placed upon it.
 V - a +2 chain mail of poison resistance (worn)
Jewellery
 y - a +5 ring of dexterity (left hand)
 z - an amulet of guardian spirit (around neck)
 K - a ring of protection from fire (right hand)
Wands
 f - a wand of polymorph (13)
 l - a wand of scattershot (3)
 m - a wand of iceblast (8)
 t - a wand of digging (3)
 v - a wand of acid (9)
 A - a wand of paralysis (18)
 S - a wand of flame (13)
Scrolls
 b - a scroll of fear {unknown}
 e - a scroll of magic mapping {unknown}
 h - 9 scrolls of identify {unknown}
 j - a scroll of immolation {unknown}
 s - 2 scrolls of blinking {unknown}
 u - 5 scrolls of teleportation {unknown}
 w - 3 scrolls of remove curse {unknown}
 x - a scroll of noise {unknown}
 C - 2 scrolls of enchant armour {unknown}
 E - a scroll of fog {unknown}
 H - 2 scrolls of amnesia {unknown}
 N - a scroll of enchant weapon {unknown}
Potions
 g - 3 potions of degeneration {unknown}
 k - 2 potions of agility {unknown}
 n - 2 potions of flight
 r - 3 potions of haste
 B - a potion of berserk rage {unknown}
 D - 2 potions of resistance {unknown}
 I - a potion of cancellation {unknown}
 J - a potion of mutation {unknown}
 L - 2 potions of lignification {unknown}
Books
 U - a manual of Staves
Comestibles
 c - 5 rations
 M - 2 chunks of flesh


   Skills:
 + Level 11.0 Fighting
 * Level 14.2 Axes
 + Level 10.1 Armour
 - Level 3.8 Dodging
 - Level 1.7 Stealth


You had 10 spell levels left.
You didn't know any spells.
Your spell library contained the following spells:

 Spells                   Type           Power        Failure   Level  Hunger
 Corona                   Hex            #......      98%         1    ##.....
 Infusion                 Chrm           #...         98%         1    ##.....
 Ensorcelled Hibernation  Hex/Ice        #.....       99%         2    ###....
 Shroud of Golubria       Chrm/Tloc      #.........   99%         2    ###....
 Song of Slaying          Chrm           #.......     99%         2    ###....
 Confuse                  Hex            #.......     100%        3    ####...
 Dazzling Spray           Conj/Hex       #.....       100%        3    ####...
 Regeneration             Chrm/Necr      #.........   100%        3    ####...
 Spectral Weapon          Hex/Chrm       #.......     100%        3    ####...
 Tukima's Dance           Hex            #.......     100%        3    ####...


Dungeon Overview and Level Annotations

Branches:
Dungeon (10/15)            Temple (1/1) D:6             Orc (0/2) D:9
   Lair: D:8-11

Altars:
Ashenzari
Cheibriados
Dithmenos
Elyvilon
Fedhas
Gozag
Hepliaklqana
Kikubaaqudgha
Makhleb
Nemelex Xobeh
Okawaru
Qazlal
Ru
Sif Muna
Trog
Uskayaw
Vehumet
Wu Jian
Xom
Yredelemnul
Zin
The Shining One

Shops:
D:7 (


Innate Abilities, Weirdness & Mutations

You reflexively headbutt those who attack you in melee.
You have a pair of horns on your head.


Message History

Deactivating autopickup; reactivate with Ctrl-A.
You slash something!
Unholy energy fills the air.
* * * LOW HITPOINT WARNING * * *
You closely miss something. Something hits you but does no damage.
Something bites you but does no damage.
You barely miss something. Something hits you.
* * * LOW HITPOINT WARNING * * *
Something bites you!
* * * LOW HITPOINT WARNING * * *
Something draws strength from your injuries!
You slice something!! Something hits you but does no damage.
Something bites you.
* * * LOW HITPOINT WARNING * * *
Something draws strength from your injuries!
You closely miss something.
Unholy energy fills the air.
* * * LOW HITPOINT WARNING * * *
It was a potion of flight.
You feel very buoyant.
You fly up into the air.
Something hits you!
You die...

#.# #######.# #.# #.#
#.# #.#####
###.#############.....##
#.....[.)...............
#.#....>................
#.#<....#.###########.##
#.#.###{#.# #.#
#.#...#@#.####### #.#
#.#.#.#.#.##....# #.##
#.#.#.#.#.##....# #.#.
#.#.#.#.#.##....# #.#.
#.#.#...#.##....# #.#.
#.#.#####.##....# ###.#<
#.#.......##....# #....#
#.##########....# #....#
#.# #....# #....#


There were no monsters in sight!

Vanquished Creatures
  Erica (D:8)
  3 two-headed ogres
  Joseph (D:8)
  Psyche (D:10)
  2 trolls
  3 hippogriffs
  A hungry ghost (D:7)
  5 ice beasts
  A sky beast (D:5)
  4 orc warriors
  A black bear (D:9)
  5 phantoms
  5 centaurs
  2 ogres
  A crocodile (D:8)
  A big kobold (D:8)
  4 bullfrogs
  A wyvern skeleton (D:9)
  A scorpion (D:8)
  A troll zombie (D:9)
  3 killer bees (D:7)
  2 howler monkeys
  3 crimson imps
  A bullfrog zombie (D:5)
  3 jellies
  A centaur skeleton (D:8)
  7 orc priests
  4 bullfrog skeletons
  4 hounds
  10 orc wizards
  3 worker ants
  5 ogre zombies (D:9)
  A hound skeleton (D:6)
  A howler monkey zombie (D:9)
  A worker ant zombie (D:5)
  6 gnolls
  A howler monkey skeleton (D:3)
  10 adders
  A shadow imp (D:8)
  3 oozes
  An adder skeleton (D:9)
  A worm (D:2)
  A dart slug (D:3)
  3 leopard geckos
  33 orcs
  A ball python (D:5)
  4 giant cockroaches
  15 hobgoblins
  10 jackals
  11 kobolds
  4 quokkas
  A ball python skeleton (D:5)
  8 bats
  3 frilled lizards
  9 goblins
  2 goblin skeletons (D:9)
  2 goblin zombies (D:9)
  2 hobgoblin skeletons (D:9)
  2 orc skeletons (D:9)
  11 orc zombies (D:9)
  10 rats
248 creatures vanquished.

Notes
Turn   | Place    | Note
-------+----------+-------------------------------------------
     0 | D:1      | schauveau the Minotaur Monk began the quest for the Orb.
     0 | D:1      | Reached XP level 1. HP: 19/19 MP: 0/0
     2 | D:1      | Noticed a gargoyle
     2 | D:1      | Noticed a human
     4 | D:1      | Noticed a demigod
     6 | D:1      | Noticed a vine stalker
     6 | D:1      | Noticed a minotaur
     8 | D:1      | Noticed a vampire
     8 | D:1      | Noticed a halfling
    10 | D:1      | Noticed an elf
    10 | D:1      | Noticed a merfolk
    12 | D:1      | Noticed a tengu
    14 | D:1      | Noticed a troll
    14 | D:1      | Noticed a ghoul
    16 | D:1      | Noticed a felid
    18 | D:1      | Noticed a demonspawn
    18 | D:1      | Noticed a naga
    20 | D:1      | Noticed a dwarf
    22 | D:1      | Noticed a formicid
    22 | D:1      | Noticed an octopode
    24 | D:1      | Noticed a centaur
    24 | D:1      | Noticed an ogre
    26 | D:1      | Noticed a spriggan
    26 | D:1      | Noticed a draconian
   133 | D:2      | Reached XP level 2. HP: 20/27 MP: 1/1
   480 | D:3      | Reached XP level 3. HP: 31/34 MP: 2/2
   617 | D:4      | Noticed a bullfrog
   622 | D:4      | Killed a bullfrog
   622 | D:4      | Reached skill level 4 in Axes
   622 | D:4      | Reached skill level 1 in Armour
   622 | D:4      | Reached XP level 4. HP: 41/41 MP: 3/3
   668 | D:4      | Reached skill level 5 in Fighting
   668 | D:4      | Reached skill level 5 in Axes
   668 | D:4      | Reached XP level 5. HP: 38/48 MP: 4/4
  1355 | D:5      | Entered Level 5 of the Dungeon
  1703 | D:5      | Noticed an ogre
  1710 | D:5      | Killed an ogre
  1710 | D:5      | Reached XP level 6. HP: 8/56 MP: 5/5
  1985 | D:5      | Reached skill level 6 in Axes
  2054 | D:5      | Found a radiant altar of Vehumet.
  2054 | D:5      | Found a shimmering altar of Xom.
  2054 | D:5      | Found a blossoming altar of Fedhas.
  2182 | D:5      | Found an opulent altar of Gozag.
  2364 | D:5      | Noticed an ice beast
  2381 | D:5      | Killed an ice beast
  2385 | D:5      | Reached XP level 7. HP: 50/62 MP: 4/6
  2491 | D:5      | Reached skill level 7 in Axes
  2862 | D:6      | Found an opulent altar of Gozag.
  2922 | D:6      | Found a white marble altar of Elyvilon.
  3044 | D:6      | Found a burning altar of Makhleb.
  3068 | D:6      | Found a staircase to the Ecumenical Temple.
  3082 | Temple   | Entered the Ecumenical Temple
  3102 | Temple   | Became a worshipper of Warmaster Okawaru
  3102 | Temple   | Reached * piety under Okawaru
  3102 | Temple   | Reached ** piety under Okawaru
  3212 | D:3      | Reached skill level 8 in Axes
  4639 | D:3      | Found a deep blue altar of Sif Muna.
  4927 | D:6      | Reached XP level 8. HP: 62/71 MP: 5/7
  4939 | D:6      | Reached skill level 5 in Armour
  5247 | D:7      | Found a flagged portal.
  5258 | Bailey   | Entered a bailey
  5258 | Bailey   | Noticed an orc knight
  5258 | Bailey   | Noticed an orc knight
  5278 | D:7      | Found Cirahipo's Weapon Boutique.
  5287 | D:7      | Bought a +0 broad axe for 48 gold pieces
  5382 | D:7      | Reached skill level 9 in Axes
  5924 | D:7      | Reached skill level 10 in Axes
  6251 | D:8      | Reached XP level 9. HP: 81/81 MP: 8/8
  6271 | D:8      | Reached *** piety under Okawaru
  6271 | D:8      | Noticed Erica
  6275 | D:8      | Noticed Joseph
  7009 | D:8      | Killed Joseph
  7009 | D:8      | Reached skill level 11 in Axes
  7042 | D:8      | Killed Erica
  7058 | D:8      | Reached skill level 12 in Axes
  7063 | D:8      | Reached **** piety under Okawaru
  7203 | D:8      | Reached XP level 10. HP: 70/91 MP: 6/9
  7565 | D:8      | Noticed a two-headed ogre
  7573 | D:8      | Killed a two-headed ogre
  7813 | D:9      | Reached ***** piety under Okawaru
  7819 | D:9      | Noticed a two-headed ogre
  7820 | D:9      | Reached skill level 10 in Fighting
  7832 | D:9      | Reached skill level 13 in Axes
  7847 | D:9      | Killed a two-headed ogre
  8065 | D:9      | Found a staircase to the Orcish Mines.
  8941 | D:10     | Entered Level 10 of the Dungeon
  8941 | D:10     | Noticed Psyche
  8995 | D:10     | Killed Psyche
  9032 | D:10     | Reached skill level 14 in Axes
  9032 | D:10     | Reached XP level 11. HP: 69/101 MP: 7/10
  9044 | D:10     | Got a faintly glowing scale mail
  9100 | D:10     | Noticed a two-headed ogre
  9107 | D:10     | Killed a two-headed ogre
  9107 | D:10     | Received a gift from Okawaru
  9107 | D:10     | Reached skill level 10 in Armour
  9199 | D:9      | HP: 1/102 [something/vampiric draining (10)]
  9200 | D:9      | Mangled by a vampire

Skill      XL: |  1  2  3  4  5  6  7  8  9 10 11 |
---------------+----------------------------------+-----
Fighting       | 4 5 6 8 9 10 11 | 11.0
Axes           | 4 5 6 8 10 12 14 | 14.2
Armour         | 1 2 3 4 6 8 9 10 | 10.1
Dodging        | |  3.8
Stealth        | |  1.7

Action                   |  1- 3 |  4- 6 |  7- 9 | 10-12 || total
-------------------------+-------+-------+-------+-------++-------
Melee: Hand axe          |    41 |    97 |   195 |       ||   333
       Headbutt          |     7 |    23 |    86 |    57 ||   173
       Broad axe         |       |       |   172 |   127 ||   299
       Battleaxe         |       |       |       |    88 ||    88
Invok: Heroism           |       |       |     1 |       ||     1
  Use: Potion            |       |       |     3 |     3 ||     6
  Eat: Ration            |       |     1 |     2 |     1 ||     4
       Chunk             |       |     1 |    17 |     4 ||    22
Armor: Robe              |     7 |       |       |       ||     7
       Ring mail         |     4 |       |       |       ||     4
       Chain mail        |     5 |    49 |   132 |    28 ||   214
       Plate armour      |       |       |   118 |   117 ||   235
Dodge: Dodged            |    22 |    38 |   158 |    78 ||   296
